 Dungeon Sprint DCSS version 0.31-a0-75-g6fe912e8c5 (webtiles) character file.

Game seed: 10378835912194288691

238 fozzywoppz the Ruffian (level 5, -18/61 HPs)
             Began as a Troll Fighter on May 23, 2023.
             Demolished by a boulder beetle (25 damage)
             ... in the Dungeon (Sprint II: "The Violet Keep of Menkaure").
             The game lasted 00:00:55 (37 turns).

fozzywoppz the Ruffian (Troll Fighter)                Turns: 37, Time: 00:00:56

Health: -18/61     AC:  4    Str: 24    XL:     5   Next: 78%
Magic:  4/4        EV: 10    Int:  4    God:
Gold:   0          SH:  9    Dex: 11    Spells: 4/4 levels left

rFire   . .          .
                       - Unarmed
rCold   . . .        b - +0 kite shield
rNeg    . . .        a - +0 robe
rPois   .            (helmet restricted)
rElec   .            (no cloak)
rCorr   .            (gloves unavailable)
SInv    .            (boots unavailable)
Will    .....        (no amulet)
Stlth   +            (no ring)
HPRegen 1.10/turn    (no ring)
MPRegen 0.09/turn

%: no teleportation
@: mighty
A: large, unfitting armour, claws 3, regeneration 1, shaggy fur 1, tough skin 1
a: no special abilities


You were in the Dungeon.
You visited 1 branch

Inventory:

Armour
 a - a +0 robe (worn)
 b - a +0 kite shield (worn)
Scrolls
 i - a scroll of blinking
Potions
 d - a potion of curing
 f - a potion of haste
 g - 2 potions of magic
 h - a potion of berserk rage


   Skills:
 + Level 6.4 Fighting
 - Level 5.0 Dodging
 - Level 5.0 Shields
 + Level 7.0 Unarmed Combat


You had 4 spell levels left.
You didn't know any spells.
Your spell library was empty.

Dungeon Overview and Level Annotations

Branches:
Dungeon (1/1)

Altars:


Innate Abilities, Weirdness & Mutations

You are too large for most types of armour.
You have claws for hands.
Your natural rate of healing is unusually fast.
You are covered in fur. (AC +1)
You have tough skin. (AC +1)


Message History

You open the door. 2 boulder beetles come into view.
Found 243 gold pieces.
The boulder beetle curls into a ball and begins rolling!
The boulder beetle leaps!
You block the boulder beetle's attack.
The boulder beetle stops rolling and uncurls.
There is an open door here.
You barely miss the boulder beetle.
The boulder beetle leaps!
You claw the boulder beetle!
The boulder beetle is moderately wounded.
The boulder beetle closely misses you.
You claw the boulder beetle!
The boulder beetle is moderately wounded.
The boulder beetle bites you!
You scratch the boulder beetle.
The boulder beetle is moderately wounded.
The boulder beetle bites you!! The boulder beetle bites you.
Unknown command.
You see here 243 gold pieces.
You claw the boulder beetle!
The boulder beetle is heavily wounded.
The boulder beetle leaps!
You scratch the boulder beetle but do no damage.
The boulder beetle leaps!
You mangle the boulder beetle!!
The boulder beetle is moderately wounded.
The boulder beetle bites you!!
* * * LOW HITPOINT WARNING * * *
Unknown command.
You feel much better. The boulder beetle bites you! x2
* * * LOW HITPOINT WARNING * * *
The boulder beetle bites you!
* * * LOW HITPOINT WARNING * * *
Unknown command.
The boulder beetle closely misses you.
Unknown command.
You scratch the boulder beetle.
The boulder beetle is heavily wounded.
The boulder beetle bites you!!
You die...

## ## ##.
.## .. ..
## .#.
##.# #†#
#...##.##
+###'.<.+
#@B$##.##
##B###+#
###


You could see 2 boulder beetles.

Vanquished Creatures
  4 necrophages (D)
4 creatures vanquished.

Notes
Turn   | Place    | Note
-------+----------+-------------------------------------------
     0 | D        | fozzywoppz the Troll Fighter began the quest for the Orb.
     0 | D        | Reached XP level 1. HP: 22/22 MP: 0/0
     1 | D        | Noticed a necrophage
     1 | D        | Noticed a necrophage
     1 | D        | Noticed a necrophage
     1 | D        | Noticed a necrophage
     8 | D        | Killed a necrophage
     9 | D        | Reached skill level 4 in Unarmed Combat
     9 | D        | Reached XP level 2. HP: 32/32 MP: 1/1
     9 | D        | Reached XP level 3. HP: 39/39 MP: 2/2
    10 | D        | Killed a necrophage
    11 | D        | Reached skill level 5 in Shields
    11 | D        | Reached skill level 5 in Unarmed Combat
    11 | D        | Reached XP level 4. HP: 49/49 MP: 3/3
    15 | D        | Killed a necrophage
    16 | D        | Reached skill level 5 in Fighting
    16 | D        | Reached skill level 5 in Dodging
    16 | D        | Reached XP level 5. HP: 59/59 MP: 4/4
    22 | D        | Reached skill level 7 in Unarmed Combat
    23 | D        | Noticed a boulder beetle
    23 | D        | Noticed a boulder beetle
    37 | D        | Demolished by a boulder beetle

Illustrated notes

Levels and vault maps discovered:
D:        the_violet_keep_of_menkaure [sprint2_stairs_cluster_1,
          sprint2_shoproom, sprint2_temple, sprint2_basic_supplies,
          sprint2_obstacle_4, sprint2_obstacle_1, sprint2_obstacle_6,
          sprint2_obstacle_5, sprint2_obstacle_3, sprint2_timed_cluster_1,
          sprint2_smallroom_cluster_1, sprint2_smallroom_final_cluster_1,
          sprint2_transparent_cluster_1, sprint2_second_timed_cluster_1,
          sprint2_sniper_area_1, sprint2_heavy_combat_area_1,
          sprint2_mutation_trap_area_1, sprint2_forest_area_1,
          sprint2_light_combat_area_1, sprint2_behind_water_1,
          sprint2_near_end_vault_1]

Skill      XL: |  1  2  3  4  5 |
---------------+----------------+-----
Fighting       | 3 4 5 6 |  6.4
Dodging        | 3 4 5 |  5.0
Shields        | 4 5 |  5.0
Unarmed Combat | 4 5 7 |  7.0

Action                     |  1- 3 |  4- 6 || total
---------------------------+-------+-------++-------
  Melee: Unarmed           |     7 |    19 ||    26
    Use: Potion            |     1 |     1 ||     2
 Armour: Robe              |     1 |     4 ||     5
  Dodge: Dodged            |     1 |     3 ||     4
  Block: Kite shield       |     3 |     4 ||     7

Table legend: (Time is in decaauts)
 A = Elapsed time spent in this place.
 B = Non-inter-level travel time spent in this place.
 C = Inter-level travel time spent in this place.
 D = Time resting spent in this place.
 E = Time spent auto-exploring this place.
 F = Levels seen in this place.
 G = Mean time per level.
                   A        B        C        D        E       F      G
               +--------+--------+--------+--------+--------+-----+--------+
         Total |     37 |     37 |      0 |      0 |      0 |   1 |   37.0 |
       Dungeon |     37 |     37 |      0 |      0 |      0 |   1 |   37.0 |
               +--------+--------+--------+--------+--------+-----+--------+

Top non-repeatable levels by time:
       D: 37 daAuts
